 Dungeon Crawl Stone Soup version 0.20.0-15-g7f486f2 (webtiles) character file.

166 KleinerIrrer the Chopper (level 5, -5/41 HPs)
             Began as a Formicid Fighter on June 30, 2017.
             Was an Initiate of Cheibriados.
             Killed from afar by Ijyb (15 damage)
             ... with a wand of lightning (?/15)
             ... on level 4 of the Dungeon.
             The game lasted 00:05:14 (3192 turns).

KleinerIrrer the Chopper (Formicid Fighter)         Turns: 3192, Time: 00:05:14

Health: -5/41      AC: 13    Str: 28    XL:     5   Next: 76%
Magic:  5/5        EV:  5    Int:  8    God:    Cheibriados [......]
Gold:   254        SH: 10    Dex: 11    Spells: 4/4 levels left

rFire    . . .     SeeInvis +   a - +0 war axe
rCold    . . .     Gourm    .   c - +0 shield
rNeg     . . .     Faith    .   s - +0 plate armour
rPois    .         Spirit   .   (helmet unavailable)
rElec    .         Reflect  .   (no cloak)
rCorr    .         Harm     .   n - +1 pair of gloves
MR       +....                  (no boots)
Stlth    ..........             (no amulet)
Regen    0.2/turn               w - ring of protection from magic
MPRegen  0.1/turn               (no ring)

@: mighty, very slow
A: permanent stasis, dig shafts and tunnels, four strong arms, antennae 3
a: Dig, Shaft Self, Bend Time, Renounce Religion


You were on level 4 of the Dungeon.
You worshipped Cheibriados.
Cheibriados was noncommittal.
You were not hungry.

You visited 2 branches of the dungeon, and saw 5 of its levels.

You collected 254 gold pieces.

Inventory:

Hand Weapons
 a - a +0 war axe (weapon)
Armour
 b - a +0 scale mail
 c - a +0 shield (worn)
 n - a +1 pair of gloves (worn)
 s - a +0 plate armour (worn)
Jewellery
 w - a ring of protection from magic (left hand)
Wands
 r - a wand of polymorph (14/24)
Scrolls
 i - 5 scrolls of identify
 k - a scroll of remove curse
 m - a scroll of random uselessness {unknown}
 o - a scroll of fear {unknown}
 q - 2 scrolls of teleportation {unknown}
 u - 2 scrolls of recharging {unknown}
 v - a scroll of enchant armour {unknown}
Potions
 e - a potion of mutation
 j - a potion of curing {unknown}
 t - a potion of heal wounds {unknown}
Comestibles
 f - 2 bread rations
 g - 3 royal jellies
 h - 6 fruits
 l - a meat ration


   Skills:
 - Level 3.3 Fighting
 + Level 5.4 Axes
 - Level 3.3 Armour
 - Level 3.7 Shields


You had 4 spell levels left.
You didn't know any spells.

Dungeon Overview and Level Annotations

Branches:
Dungeon (4/15)             Temple (1/1) D:4

Altars:
Ashenzari
Cheibriados
Dithmenos
Elyvilon
Fedhas
Gozag
Kikubaaqudgha
Makhleb
Nemelex Xobeh
Okawaru
Qazlal
Ru
Sif Muna
Trog
Uskayaw
Vehumet
Yredelemnul
Zin
The Shining One

Annotations:
D:4 Ijyb


Innate Abilities, Weirdness & Mutations

You cannot be hasted, slowed, berserked, paralysed or teleported.
You can dig through walls and to a lower floor.
Your four strong arms can wield two-handed weapons with a shield.
You have a pair of large antennae on your head. (SInv)


Message History

Ijyb zaps a wand.
The bolt of lightning hits you!
It is a wand of lightning (?/15).
Ijyb hits you but does no damage.
Your plate armour prevents you from hitting Ijyb.
Ijyb barely misses you.
Your plate armour prevents you from hitting Ijyb.
Ijyb screams, "Level is mine!
All mine!"
Ijyb zaps a wand.
The bolt of lightning hits you!
* * * LOW HITPOINT WARNING * * *
You block Ijyb's attack.
You are too injured to fight recklessly!
You are too injured to fight recklessly!
You are too injured to fight recklessly!
You are too injured to fight recklessly!
You are too injured to fight recklessly!
You are too injured to fight recklessly!
You are too injured to fight recklessly!
You feel very mighty all of a sudden.
Ijyb zaps a wand.
The bolt of lightning hits you!
You die...

..# #.# #<# #.#
#.###########.#
#.............#
#..############
#.## #.#
...#######.#
#....g@...#
###########


You could see Ijyb.

Vanquished Creatures
  An orc priest (D:3)
  Jessica (D:3)
  2 adders (D:2)
  5 worms
  3 dart slugs
  A leopard gecko (D:3)
  8 orcs
  6 bats
  5 giant cockroaches
  5 goblins
  7 hobgoblins
  3 jackals (D:4)
  A quokka (D:3)
  A ball python (D:2)
  5 frilled lizards
  7 kobolds
  3 rats
64 creatures vanquished.

Notes
Turn   | Place    | Note
-------+----------+-------------------------------------------
     0 | D:1      | KleinerIrrer the Formicid Fighter began the quest for the Orb.
     0 | D:1      | Reached XP level 1. HP: 18/18 MP: 1/1
   163 | D:1      | Reached XP level 2. HP: 22/24 MP: 2/2
   576 | D:1      | Reached skill level 3 in Axes
   678 | D:1      | Reached XP level 3. HP: 29/29 MP: 3/3
  1170 | D:2      | Reached XP level 4. HP: 19/35 MP: 4/4
  1427 | D:2      | Reached skill level 4 in Axes
  1800 | D:3      | Noticed Jessica
  1816 | D:3      | Killed Jessica
  1816 | D:3      | Reached XP level 5. HP: 40/41 MP: 5/5
  2152 | D:3      | Reached skill level 5 in Axes
  3002 | D:4      | Found a staircase to the Ecumenical Temple.
  3073 | Temple   | Entered the Ecumenical Temple
  3127 | Temple   | Became a worshipper of Cheibriados the Contemplative
  3186 | D:4      | Noticed Ijyb
  3192 | D:4      | Killed from afar by Ijyb

Skill      XL: |  1  2  3  4  5 |
---------------+----------------+-----
Axes           | 3 4 5 |  5.4
Fighting       | |  3.3
Armour         | |  3.3
Shields        | |  3.7

Action                   |  1- 3 |  4- 6 || total
-------------------------+-------+-------++-------
Melee: War axe           |   108 |   114 ||   222
       Unarmed           |       |     6 ||     6
  Use: Scroll            |     2 |       ||     2
       Potion            |       |     1 ||     1
  Eat: Chunk             |     1 |     4 ||     5
       Bread ration      |       |     1 ||     1
Armor: Scale mail        |    55 |    18 ||    73
       Skin              |       |     3 ||     3
       Plate armour      |       |    35 ||    35
Dodge: Dodged            |    36 |    28 ||    64
Block: Shield            |    51 |    56 ||   107
